 Dungeon Crawl Stone Soup version 0.20.1-1-g8b1a95d (webtiles) character file.

2321 tognito the Cleaver (level 9, -7/70 HPs)
             Began as a Minotaur Berserker on July 7, 2017.
             Was a Priest of Trog.
             Killed from afar by Monsterracer's ghost (19 damage)
             ... with a spray of energy
             ... on level 6 of the Dungeon.
             The game lasted 00:11:34 (6076 turns).

tognito the Cleaver (Minotaur Berserker)            Turns: 6076, Time: 00:11:35

Health: -7/70      AC: 12    Str: 24    XL:     9   Next: 18%
Magic:  8/8        EV:  9    Int:  4    God:    Trog [***...]
Gold:   187        SH:  0    Dex: 11    Spells: 8/8 levels left

rFire    . . .     SeeInvis .   a - +0 war axe
rCold    . . .     Gourm    .   (no shield)
rNeg     . . .     Faith    .   f - +3 chain mail
rPois    .         Spirit   .   (helmet restricted)
rElec    .         Reflect  .   m - +0 cloak (curse)
rCorr    .         Harm     .   (no gloves)
MR       .....                  (no boots)
Stlth    ..........             (no amulet)
Regen    0.3/turn               (no ring)
MPRegen  0.2/turn               (no ring)

@: glowing
A: retaliatory headbutt, claws 1, hooves 1, horns 2, mutation resistance 1
a: Berserk, Trog's Hand, Burn Spellbooks, Renounce Religion


You were on level 6 of the Dungeon.
You worshipped Trog.
Trog was most pleased with you.
You were very hungry.

You visited 1 branch of the dungeon, and saw 6 of its levels.
You also visited: Ossuary.

You collected 187 gold pieces.

Inventory:

Hand Weapons
 a - a +0 war axe (weapon)
Missiles
 k - 33 bolts
 p - 60 arrows
Armour
 f - a +3 chain mail (worn)
 m - a cursed +0 cloak (worn)
Wands
 n - a wand of disintegration (11/24)
 s - a wand of random effects (22/48)
 w - a wand of polymorph (12/24)
Scrolls
 b - 2 scrolls of enchant armour {unknown}
 d - 6 scrolls of identify {unknown}
 g - a scroll of recharging {unknown}
 h - 2 scrolls of amnesia {unknown}
 i - a scroll of enchant weapon {unknown}
 j - 3 scrolls of teleportation {unknown}
 o - 4 scrolls of remove curse {unknown}
 q - a scroll of fog {unknown}
 t - a scroll of blinking {unknown}
 y - a scroll of silence {unknown}
Potions
 e - 6 potions of curing
 l - 2 potions of magic
 r - a potion of might
 u - a potion of invisibility
 v - 3 potions of heal wounds
 x - a potion of brilliance
 z - a potion of agility
 A - a potion of cancellation
 B - 4 potions of resistance
Comestibles
 c - 5 bread rations
 C - 3 fruits


   Skills:
 - Level 3.6 Fighting
 + Level 14.3 Axes
 - Level 2.4 Armour
 - Level 2.1 Dodging


You had 8 spell levels left.
You didn't know any spells.

Dungeon Overview and Level Annotations

Branches:
Dungeon (6/15)
 Temple: D:4-7

Altars:
Uskayaw
The Shining One

Annotations:
D:6 Monsterracer's ghost, novice SpEn


Innate Abilities, Weirdness & Mutations

You reflexively headbutt those who attack you in melee.
You have a pair of horns on your head.
You have sharp fingernails.
You have large cloven feet.
You are somewhat resistant to further mutation.


Message History

* * * LOW HITPOINT WARNING * * *
Monsterracer's ghost hits you but does no damage.
Unknown command.
You bump into the rock wall.
Monsterracer's ghost gestures at you while chanting.
You are outlined in light.
You miss Monsterracer's ghost. Your kick misses Monsterracer's ghost.
Monsterracer's ghost is moderately damaged.
You're too confused!
You're too confused!
You bump into the rock wall.
Monsterracer's ghost hits you.
* * * LOW HITPOINT WARNING * * *
You bump into the rock wall.
Monsterracer's ghost hits you but does no damage.
You're too confused!
You're too confused to move!
You feel less confused.
Monsterracer's ghost points at you and mumbles some strange words.
The spray of energy hits you!
You die...

###########.
#...........
#..........
#@W.###.###
#.#.# #>..#
#.### ..#
#.# #.# #..


You could see Monsterracer's ghost.

Vanquished Creatures
  Grinder (D:5)
  Prince Ribbit (D:5)
  Sigmund (D:4)
  Edmund (D:4)
  An ice beast (D:5)
  2 phantoms
  5 ogres
  A bullfrog (D:5)
  5 water moccasin zombies (Ossuary)
  A bullfrog skeleton (D:6)
  A hound (D:5)
  An orc priest (D:4)
  Crazy Yiuf (D:2)
  3 orc wizards (D:4)
  3 worker ants
  Terence (D:2)
  2 big kobold zombies (Ossuary)
  3 mummies
  Robin (D:4)
  10 gnolls
  4 adders
  A shadow imp (D:5)
  An ooze (D:1)
  4 adder zombies (Ossuary)
  2 worms
  A dart slug (D:1)
  5 leopard geckos
  16 orcs
  A ball python (D:1)
  3 bats
  2 giant cockroaches
  14 goblins
  13 hobgoblins
  4 kobolds
  4 frilled lizards
  3 hobgoblin zombies (Ossuary)
  3 kobold zombies (Ossuary)
  6 orc zombies (Ossuary)
  A quokka skeleton (D:4)
  5 rats
138 creatures vanquished.

Notes
Turn   | Place    | Note
-------+----------+-------------------------------------------
     0 | D:1      | tognito the Minotaur Berserker began the quest for the Orb.
     0 | D:1      | Reached XP level 1. HP: 19/19 MP: 0/0
    87 | D:1      | Reached skill level 4 in Axes
   126 | D:1      | Reached XP level 2. HP: 24/26 MP: 1/1
   138 | D:1      | Gained mutation: You have sharp fingernails. [potion of mutation]
   138 | D:1      | Gained mutation: You have large cloven feet. [potion of mutation]
   138 | D:1      | Gained mutation: You are somewhat resistant to further mutation. [potion of mutation]
   502 | D:1      | Reached skill level 5 in Axes
   791 | D:2      | Reached XP level 3. HP: 25/31 MP: 2/2
   901 | D:2      | Noticed Terence
   910 | D:2      | Killed Terence
  1185 | D:2      | Found a runed door.
  1236 | D:2      | Reached ** piety under Trog
  1285 | D:2      | Noticed Crazy Yiuf
  1293 | D:2      | Killed Crazy Yiuf
  1293 | D:2      | Reached skill level 6 in Axes
  1293 | D:2      | Reached XP level 4. HP: 18/39 MP: 3/3
  2244 | D:3      | Found a faded altar of an unknown god.
  2353 | D:3      | Reached XP level 5. HP: 41/45 MP: 4/4
  2437 | D:3      | Reached skill level 7 in Axes
  2771 | D:3      | Found a glowing golden altar of the Shining One.
  3092 | D:4      | Noticed an ogre
  3096 | D:4      | Killed an ogre
  3096 | D:4      | Reached skill level 8 in Axes
  3096 | D:4      | Reached XP level 6. HP: 37/51 MP: 5/5
  3155 | D:4      | Found a hide-covered altar of Uskayaw.
  3539 | D:4      | Reached skill level 9 in Axes
  3630 | D:4      | Found a sand-covered staircase.
  3639 | Ossuary  | Entered an ossuary
  3838 | Ossuary  | Reached XP level 7. HP: 42/57 MP: 6/6
  3842 | Ossuary  | Reached skill level 10 in Axes
  3862 | Ossuary  | Reached *** piety under Trog
  3982 | D:4      | Noticed Edmund
  4000 | D:4      | Killed Edmund
  4000 | D:4      | Reached skill level 11 in Axes
  4409 | D:4      | Noticed Sigmund
  4414 | D:4      | Reached XP level 8. HP: 64/64 MP: 7/7
  4419 | D:4      | Killed Sigmund
  4421 | D:4      | Reached skill level 12 in Axes
  4422 | D:4      | Noticed Robin
  4432 | D:4      | Killed Robin
  4641 | D:4      | Reached **** piety under Trog
  4704 | D:5      | Entered Level 5 of the Dungeon
  4970 | D:5      | Reached skill level 13 in Axes
  5009 | D:5      | Noticed Grinder
  5019 | D:5      | Killed Grinder
  5277 | D:5      | Reached XP level 9. HP: 28/70 MP: 8/8
  5500 | D:5      | Noticed Prince Ribbit
  5508 | D:5      | Killed Prince Ribbit
  5508 | D:5      | Reached skill level 14 in Axes
  6040 | D:6      | Noticed Monsterracer's ghost (novice SpEn)
  6076 | D:6      | Killed from afar by Monsterracer's ghost

Skill      XL: |  1  2  3  4  5  6  7  8  9 |
---------------+----------------------------+-----
Axes           | 4 5 6 8 9 11 13 14 | 14.3
Fighting       | |  3.6
Armour         | |  2.4
Dodging        | |  2.1

Action                   |  1- 3 |  4- 6 |  7- 9 || total
-------------------------+-------+-------+-------++-------
Melee: Hand axe          |    63 |    45 |       ||   108
       Headbutt          |     9 |    17 |    25 ||    51
       Kick              |    10 |    33 |    60 ||   103
       War axe           |       |    81 |   183 ||   264
Invok: Trog's Hand       |     1 |     1 |     1 ||     3
       Berserk           |       |       |     1 ||     1
  Use: Potion            |     7 |     2 |     4 ||    13
  Eat: Chunk             |     1 |     9 |     7 ||    17
Armor: Chain mail        |    24 |    80 |    90 ||   194
       Animal skin       |     2 |       |       ||     2
Dodge: Dodged            |    26 |    36 |    41 ||   103
